3A
PUT-IN-BAY BC @ YUCCA VALLEY YELLOWS
07/30/2042
 
TOP OF THE 1ST
Put-In-Bay BC batting - Pitching for Yucca Valley Yellows : RHP George Crane
Pitching: RHP George Crane
Batting: LHB Fernan Espinoza 0-0: Ball
1-0: Ball
2-0: Ball
3-0: Swinging Strike
3-1: Fly out, F9 (Line Drive, 9D, EV 83.8 MPH)
Batting: SHB Héctor Solís 0-0: Ball
1-0: Called Strike
1-1: Ball
2-1: Foul Ball, location: 2F
2-2: Strikes out swinging
Batting: RHB Chris P. Bacon 0-0: Foul Ball, location: 2F
0-1: Called Strike
0-2: Foul Ball, location: 2F
0-2: Ball
1-2: Fly out, F9 (Flyball, 9LS, EV 90.0 MPH)
Top of the 1st over - 0 runs, 0 hits, 0 errors, 0 left on base; Put-In-Bay 0 - Yucca Valley 0
BOTTOM OF THE 1ST
Yucca Valley Yellows batting - Pitching for Put-In-Bay BC : LHP Josh Gentry
Pitching: LHP Josh Gentry
Batting: RHB Claudio Corona 0-0: Fly out, F8 (Flyball, 8RD, EV 93.8 MPH)
Batting: RHB Jochen Nelis 0-0: Ball
1-0: Foul Ball, location: 2F
1-1: Called Strike
1-2: Ball
2-2: Ball
3-2: Strikes out swinging
Batting: RHB Aaron Tuttle 0-0: Ball
1-0: Called Strike
1-1: Swinging Strike
1-2: Fly out, F7 (Flyball, 7LSF, EV 92.5 MPH)
Bottom of the 1st over - 0 runs, 0 hits, 0 errors, 0 left on base; Put-In-Bay 0 - Yucca Valley 0
TOP OF THE 2ND
Put-In-Bay BC batting - Pitching for Yucca Valley Yellows : RHP George Crane
Batting: LHB Mies Lumme 0-0: Called Strike
0-1: Foul Ball, location: 2F
0-2: Foul Ball, location: 2F
0-2: SINGLE (Groundball, 34D, EV 95.0 MPH)
Batting: LHB Tom Bruce 0-0: Fielders Choice at 2nd, 1-6 (Groundball, 34S, EV 60.0 MPH)
Batting: RHB Bang-xao Li 0-0: Ball
1-0: Ball
2-0: Foul Ball, location: 2F
2-1: Foul Ball, location: 2F
2-2: Ball
3-2: SINGLE (Groundball, 6D, EV 104.4 MPH)
Tom Bruce to second
Batting: LHB Rob Litten 0-0: Called Strike
0-1: Foul Ball, location: 2F
0-2: Foul Ball, location: 2F
0-2: Ball
1-2: Fly out, F7 (Flyball, 7S, EV 92.5 MPH)
Batting: SHB Juan Gallardo 0-0: Ball
1-0: Ground out 4-3 (Groundball, 4, EV 81.9 MPH)
Top of the 2nd over - 0 runs, 2 hits, 0 errors, 2 left on base; Put-In-Bay 0 - Yucca Valley 0
BOTTOM OF THE 2ND
Yucca Valley Yellows batting - Pitching for Put-In-Bay BC : LHP Josh Gentry
Batting: RHB Alfonso Ramos 0-0: DOUBLE (Flyball, 8LXD, EV 111.2 MPH)
Batting: RHB Dave Reynolds 0-0: Called Strike
0-1: Ball
1-1: Called Strike
1-2: Ball
2-2: Ball
3-2: Fly out, F8 (Flyball, 8RM, EV 83.1 MPH)
Batting: LHB Elijah Scott 0-0: Ball
1-0: Foul Ball, location: 2F
1-1: Foul Ball, location: 2F
1-2: SINGLE (Line Drive, 78M, EV 104.4 MPH)
Alfonso Ramos to third
Runner from 3rd tries for Home, SAFE, no throw by LF
Batting: LHB Reginald James 0-0: Swinging Strike
0-1: Swinging Strike
0-2: Ball
1-2: Fielders Choice at 2nd, 6-4 (Groundball, 6M, EV 105.6 MPH)
Batting: LHB Júlio Silva 0-0: Ball
1-0: Called Strike
1-1: Ball
2-1: Foul Ball, location: 2F
2-2: Foul Ball, location: 2F
2-2: Fielders Choice at 2nd, 6-4 (Groundball, 6, EV 104.4 MPH)
Bottom of the 2nd over - 1 run, 2 hits, 0 errors, 1 left on base; Put-In-Bay 0 - Yucca Valley 1
TOP OF THE 3RD
Put-In-Bay BC batting - Pitching for Yucca Valley Yellows : RHP George Crane
Batting: RHB Mark Mathews 0-0: Ball
1-0: Foul Ball, location: 2F
1-1: Called Strike
1-2: Ball
2-2: Foul Ball, location: 2F
2-2: Foul Ball, location: 2F
2-2: Ball
3-2: Strikes out swinging
Batting: LHB Fernan Espinoza 0-0: Ball
1-0: Ball
2-0: TRIPLE (Flyball, 78XD, EV 93.8 MPH)
Batting: SHB Héctor Solís 0-0: Ball
1-0: Called Strike
1-1: Ground out 4-3 (Groundball, 4, EV 83.8 MPH)
Fernan Espinoza scores
Batting: RHB Chris P. Bacon 0-0: Called Strike
0-1: Foul Ball, location: 2F
0-2: Strikes out swinging
Top of the 3rd over - 1 run, 1 hit, 0 errors, 0 left on base; Put-In-Bay 1 - Yucca Valley 1
BOTTOM OF THE 3RD
Yucca Valley Yellows batting - Pitching for Put-In-Bay BC : LHP Josh Gentry
Batting: RHB Jarred Lloyd 0-0: Ball
1-0: Fly out, F8 (Line Drive, 8LM, EV 91.9 MPH)
Batting: RHB Claudio Corona 0-0: Ball
1-0: Foul Ball, location: 2F
1-1: Ball
2-1: Ball
3-1: Called Strike
3-2: Foul Ball, location: 2F
3-2: Foul Ball, location: 2F
3-2: Foul Ball, location: 2F
3-2: Ground out 5-3 (Groundball, 56, EV 103.1 MPH)
Batting: RHB Jochen Nelis 0-0: Ball
1-0: Ball
2-0: Called Strike
2-1: SINGLE (Groundball, 56D, EV 101.9 MPH)
Batting: RHB Aaron Tuttle 0-0: Ball
1-0: Called Strike
Jochen Nelis is caught stealing 2nd base 2-4
Bottom of the 3rd over - 0 runs, 1 hit, 0 errors, 0 left on base; Put-In-Bay 1 - Yucca Valley 1
TOP OF THE 4TH
Put-In-Bay BC batting - Pitching for Yucca Valley Yellows : RHP George Crane
Batting: LHB Mies Lumme 0-0: Foul Ball, location: 2F
0-1: Ball
1-1: Foul Ball, location: 2F
1-2: Foul Ball, location: 2F
1-2: Foul Ball, location: 2F
1-2: Ball
2-2: Strikes out swinging
Batting: LHB Tom Bruce 0-0: Ground out 4-3 (Groundball, 4, EV 105.6 MPH)
Batting: RHB Bang-xao Li 0-0: Called Strike
0-1: Swinging Strike
0-2: Ball
1-2: Ball
2-2: Fly out, F7 (Flyball, 7D, EV 104.4 MPH)
Top of the 4th over - 0 runs, 0 hits, 0 errors, 0 left on base; Put-In-Bay 1 - Yucca Valley 1
BOTTOM OF THE 4TH
Yucca Valley Yellows batting - Pitching for Put-In-Bay BC : LHP Josh Gentry
Batting: RHB Aaron Tuttle 0-0: Ball
1-0: SOLO HOME RUN (Flyball, 9D, EV 93.8 MPH), Distance : 387 ft
Batting: RHB Alfonso Ramos 0-0: Ground out 6-3 (Groundball, 6, EV 103.8 MPH)
Batting: RHB Dave Reynolds 0-0: Swinging Strike
0-1: Ball
1-1: Fly out, F8 (Flyball, 8LM, EV 79.4 MPH)
Batting: LHB Elijah Scott 0-0: Ball
1-0: Ball
2-0: Called Strike
2-1: Foul Ball, location: 2F
2-2: Ball
3-2: Ground out 4-3 (Groundball, 4, EV 100.0 MPH)
Bottom of the 4th over - 1 run, 1 hit, 0 errors, 0 left on base; Put-In-Bay 1 - Yucca Valley 2
TOP OF THE 5TH
Put-In-Bay BC batting - Pitching for Yucca Valley Yellows : RHP George Crane
Batting: LHB Rob Litten 0-0: Called Strike
0-1: Called Strike
0-2: Strikes out looking
Batting: SHB Juan Gallardo 0-0: Foul Ball, location: 2F
0-1: Ball
1-1: Swinging Strike
1-2: Foul Ball, location: 2F
1-2: SINGLE (Groundball, 6M, EV 96.9 MPH)
Batting: RHB Mark Mathews 0-0: Called Strike
0-1: Ball
1-1: Ball
2-1: Foul Ball, location: 2F
2-2: Ball
3-2: Grounds into double play, 2-4-3 (Groundball, 2L, EV 68.8 MPH)
Top of the 5th over - 0 runs, 1 hit, 0 errors, 0 left on base; Put-In-Bay 1 - Yucca Valley 2
BOTTOM OF THE 5TH
Yucca Valley Yellows batting - Pitching for Put-In-Bay BC : LHP Josh Gentry
Batting: LHB Reginald James 0-0: Ball
1-0: Ball
2-0: DOUBLE (Line Drive, 7LM, EV 107.5 MPH)
Batting: LHB Júlio Silva 0-0: Ball
1-0: Swinging Strike
1-1: Called Strike
1-2: Strikes out swinging
Batting: RHB Jarred Lloyd 0-0: Ball
1-0: Called Strike
1-1: Ball
2-1: Called Strike
2-2: Foul Ball, location: 2F
2-2: Strikes out looking
Batting: RHB Claudio Corona 0-0: Ball
1-0: Ground out 5-3 (Groundball, 5L, EV 83.8 MPH)
Bottom of the 5th over - 0 runs, 1 hit, 0 errors, 1 left on base; Put-In-Bay 1 - Yucca Valley 2
TOP OF THE 6TH
Put-In-Bay BC batting - Pitching for Yucca Valley Yellows : RHP George Crane
Batting: LHB Fernan Espinoza 0-0: Ball
1-0: Called Strike
1-1: Ground out 5-3 (Groundball, 56S, EV 72.5 MPH)
Batting: SHB Héctor Solís 0-0: Called Strike
0-1: Ball
1-1: SINGLE (Groundball, 56S, EV 68.8 MPH) (infield hit)
Batting: RHB Chris P. Bacon 0-0: Called Strike
0-1: Ball
Héctor Solís steals 2nd base
1-1: Foul Ball, location: 2F
1-2: Ball
2-2: Ball
3-2: Base on Balls
Batting: LHB Mies Lumme 0-0: Foul Ball, location: 2F
0-1: Ball
1-1: Ball
2-1: Ball
3-1: Base on Balls
Héctor Solís to third
Chris P. Bacon to second
Batting: LHB Tom Bruce 0-0: Ball
1-0: Called Strike
1-1: Ball
2-1: Ball
3-1: Swinging Strike
3-2: Base on Balls
Héctor Solís scores
Chris P. Bacon to third
Mies Lumme to second
Pitching: RHP Dave Newman
Batting: RHB Bang-xao Li 0-0: Called Strike
0-1: SINGLE (Groundball, 56, EV 104.4 MPH) (infield hit)
Chris P. Bacon scores
Mies Lumme to third
Tom Bruce to second
Batting: LHB Rob Litten 0-0: Ball
1-0: Called Strike
1-1: Ball
2-1: Swinging Strike
2-2: Ball
3-2: Foul Ball, location: 2F
3-2: Base on Balls
Mies Lumme scores
Tom Bruce to third
Bang-xao Li to second
Batting: SHB Juan Gallardo 0-0: Fly out, F7 (Flyball, 78M, EV 81.9 MPH)
Runner from 3rd tags up, SCORES, throw by LF
Batting: RHB Mark Mathews 0-0: Called Strike
0-1: Called Strike
0-2: Ball
1-2: Foul Ball, location: 2F
1-2: Strikes out swinging
Top of the 6th over - 4 runs, 2 hits, 0 errors, 2 left on base; Put-In-Bay 5 - Yucca Valley 2
BOTTOM OF THE 6TH
Yucca Valley Yellows batting - Pitching for Put-In-Bay BC : LHP Josh Gentry
Batting: RHB Jochen Nelis 0-0: Ball
1-0: Foul Ball, location: 2F
1-1: SINGLE (Flyball, 89S, EV 88.8 MPH)
Batting: RHB Aaron Tuttle 0-0: Called Strike
0-1: Ball
1-1: Called Strike
1-2: Ball
Jochen Nelis is caught stealing 2nd base 2-4
2-2: Ground out 5-3 (Groundball, 56S, EV 77.5 MPH)
Batting: RHB Alfonso Ramos 0-0: Called Strike
0-1: Fly out, F7 (Line Drive, 7D, EV 90.6 MPH)
Bottom of the 6th over - 0 runs, 1 hit, 0 errors, 0 left on base; Put-In-Bay 5 - Yucca Valley 2
TOP OF THE 7TH
Put-In-Bay BC batting - Pitching for Yucca Valley Yellows : RHP Dave Newman
Batting: LHB Fernan Espinoza 0-0: Foul Ball, location: 2F
0-1: Ball
1-1: Ground out U3 (Groundball, 3, EV 101.9 MPH)
Batting: SHB Héctor Solís 0-0: Ball
1-0: Called Strike
1-1: Called Strike
1-2: Ball
2-2: SINGLE (Groundball, 3S, EV 90.6 MPH) (infield hit)
Batting: RHB Chris P. Bacon 0-0: Foul Ball, location: 2F
0-1: Ball
1-1: Ball
2-1: Fly out, F9 (Flyball, 9S, EV 93.8 MPH)
Batting: LHB Mies Lumme 0-0: Ball
1-0: Called Strike
1-1: Fly out, F9 (Flyball, 89S, EV 83.8 MPH)
Top of the 7th over - 0 runs, 1 hit, 0 errors, 1 left on base; Put-In-Bay 5 - Yucca Valley 2
BOTTOM OF THE 7TH
Yucca Valley Yellows batting - Pitching for Put-In-Bay BC : LHP Josh Gentry
Batting: RHB Dave Reynolds 0-0: Foul Ball, location: 2F
0-1: Swinging Strike
0-2: Ball
1-2: Ball
2-2: Foul Ball, location: 2F
2-2: Fly out, F4 (Flyball, 34D, EV 88.8 MPH)
Batting: LHB Elijah Scott 0-0: Ball
1-0: Called Strike
1-1: Called Strike
1-2: Ball
2-2: Ball
3-2: Foul Ball, location: 2F
3-2: SINGLE (Flyball, 7LS, EV 96.9 MPH)
Batting: LHB Reginald James 0-0: Ball
1-0: Foul Ball, location: 2F
1-1: Called Strike
1-2: Ball
2-2: Foul Ball, location: 2F
2-2: Strikes out swinging
Batting: LHB Júlio Silva 0-0: Swinging Strike
0-1: Called Strike
0-2: Strikes out swinging
Bottom of the 7th over - 0 runs, 1 hit, 0 errors, 1 left on base; Put-In-Bay 5 - Yucca Valley 2
TOP OF THE 8TH
Put-In-Bay BC batting - Pitching for Yucca Valley Yellows : RHP Dave Newman
Batting: LHB Tom Bruce 0-0: Ball
1-0: Ball
2-0: Called Strike
2-1: Foul Ball, location: 2F
2-2: Ground out U3 (Groundball, 34, EV 86.9 MPH)
Batting: RHB Bang-xao Li 0-0: Called Strike
0-1: Called Strike
0-2: Ball
1-2: Ground out 6-3 (Groundball, 6, EV 106.2 MPH)
Batting: LHB Rob Litten 0-0: Ball
1-0: Swinging Strike
1-1: Swinging Strike
1-2: Strikes out swinging, 2-3 out at first.
Top of the 8th over - 0 runs, 0 hits, 0 errors, 0 left on base; Put-In-Bay 5 - Yucca Valley 2
BOTTOM OF THE 8TH
Yucca Valley Yellows batting - Pitching for Put-In-Bay BC : LHP Josh Gentry
Batting: RHB Jarred Lloyd 0-0: Called Strike
0-1: Called Strike
0-2: Ball
1-2: Ball
2-2: Fly out, F4 (Popup, 4M, EV 68.8 MPH)
Batting: RHB Claudio Corona 0-0: Called Strike
0-1: Ball
1-1: Fly out, F4 (Popup, 34, EV 57.5 MPH)
Batting: RHB Jochen Nelis 0-0: Called Strike
0-1: Fly out, F9 (Flyball, 9LM, EV 91.2 MPH)
Bottom of the 8th over - 0 runs, 0 hits, 0 errors, 0 left on base; Put-In-Bay 5 - Yucca Valley 2
TOP OF THE 9TH
Put-In-Bay BC batting - Pitching for Yucca Valley Yellows : RHP Dave Newman
Pitching: RHP Danny Kas
Batting: SHB Juan Gallardo 0-0: Called Strike
0-1: Swinging Strike
0-2: Foul Ball, location: 2F
0-2: Foul Ball, location: 2F
0-2: SINGLE (Line Drive, 4D, EV 94.4 MPH)
Batting: RHB Mark Mathews 0-0: Foul Ball, location: 2F
0-1: Swinging Strike
0-2: Strikes out swinging
Batting: LHB Fernan Espinoza 0-0: Called Strike
0-1: Ball
1-1: Foul Ball, location: 2F
1-2: Ball
2-2: Ball
3-2: Fielders Choice at 2nd, 5-4 (Groundball, 56, EV 81.9 MPH)
Batting: SHB Héctor Solís 0-0: Ball
1-0: Foul Ball, location: 2F
1-1: Swinging Strike
1-2: Ball
2-2: Ball
3-2: Foul Ball, location: 2F
3-2: Ground out U3 (Groundball, 3L, EV 98.8 MPH)
Top of the 9th over - 0 runs, 1 hit, 0 errors, 1 left on base; Put-In-Bay 5 - Yucca Valley 2
BOTTOM OF THE 9TH
Yucca Valley Yellows batting - Pitching for Put-In-Bay BC : LHP Josh Gentry
Pitching: RHP Kimitada Shini
Batting: RHB Aaron Tuttle 0-0: SINGLE (Line Drive, 78M, EV 106.9 MPH)
Batting: RHB Alfonso Ramos 0-0: Foul Ball, location: 2F
0-1: Grounds into double play, 6-4-3 (Groundball, 6, EV 103.1 MPH)
Batting: RHB Dave Reynolds 0-0: Ball
1-0: Called Strike
1-1: Ball
2-1: Swinging Strike
2-2: Ball
3-2: Foul Ball, location: 2F
3-2: Strikes out swinging
Bottom of the 9th over - 0 runs, 1 hit, 0 errors, 0 left on base; Put-In-Bay 5 - Yucca Valley 2
Friday, March 26th, 2021 - OOTP Baseball 20.8 Build 74